AoeStats
← Экзит Венчурович

Arena

510645390Analyzed
1v1 RM · 12h ago on Oct 2, 2026· 43m 21s· 2 players
Game mode
Random Map
Map size
Tiny (2 player)
Population
200
Speed
Normal
Resources
Standard
Victory
Conquest
Starting age
Dark Age
Ending age
Imperial Age
RankedLock teamsTeams togetherTeam positionsShared explorationLock speedFull tech treeHidden civsTurbo modeCheats
Victory
Defeat
958
+17
🇦🇷 Malians · Argentina
974
-17
Экзит Венчурович
11:57 Feudal Age
10:52 Loom
15:09 Castle Age
13:44 Double-Bit Axe
16:47 Bow Saw
20:34 Horse Collar
24:26 Heavy Plow
26:52 Gold Mining
28:53 Gold Shaft Mining
28:59 Wheelbarrow
32:37 Elite Skirmisher
35:26 Fletching
35:37 Padded Archer Armor
36:58 Bodkin Arrow
39:41 Leather Archer Armor
42:45 Imperial Age
41:15 Ballistics
42:31 Hand Cart
42:57 Stone Mining
Antarktus
10:38 Feudal Age
15:07 Castle Age
14:06 Stone Mining
14:10 Double-Bit Axe
14:40 Loom
17:58 Forging
17:41 Fletching
27:28 Scale Mail Armor
45:47 Imperial Age
Connection lost

Rejoining the realm…

Still unreachable

The connection could not be restored.

Session expired

The server has moved on; the page needs a fresh start.